 Dungeon Crawl Stone Soup version 0.28-a0-1130-gc51a68064b (webtiles) character file.

Game seed: 2243765319477324881

257279 theanonym the Minotaur Blade (level 19, -3/193 HPs)
             Began as a Minotaur Cinder Acolyte on Dec 12, 2021.
             Was a High Priest of Ignis.
             Slain by a merfolk aquamancer (8 damage)
             ... on level 4 of the Shoals.
             The game lasted 01:20:46 (55725 turns).

theanonym the Minotaur Blade (MiCA)                Turns: 55725, Time: 01:20:46

Health: -3/193     AC: 28    Str: 33    XL:     19   Next: 47%
Magic:  19/19      EV: 20    Int: 13    God:    Ignis [*****.]
Gold:   173        SH:  5    Dex:  6    Spells: 20/20 levels left

rFire   + + +      SeeInvis +   a - +2 great sword (flame)
rCold   + . .      Faith    .   (shield currently unavailable)
rNeg    + . .      Spirit   .   T - +2 plate armour {rN+} {rN+}
rPois   +          Reflect  +   B - +0 mask of the Dragon {Will+ Slay+3 SInv}
rElec   .          Harm     .   E - scarf {rC+ rF+} {rF+ rC+}
rCorr   .          Rampage  .   g - +2 pair of gloves of Integrity {-Cast +Inv rF++}
Will    ++...      NoCast   +   o - +2 pair of boots {Fly}
Stlth   ..........              N - amulet of reflection
HPRegen 0.42/turn               J - ring of Ykodopt {rPois Str+6 Int+2}
MPRegen 0.16/turn               c - ring of the Hare {EV+8}

@: flying, mesmerised, studying 2 skills
A: horns 2, retaliatory headbutt
}: 1/15 runes: serpentine
a: Renounce Religion, Evoke Invisibility, Fiery Armour, Foxfire Swarm, Rising
Flame


Innate Abilities, Weirdness & Mutations

You have a pair of horns on your head.
You reflexively headbutt those who attack you in melee.


   Skills:
 + Level 22.3 Fighting
 + Level 23.3 Long Blades
 - Level 20.0 Armour
 + Level 15.6 Dodging
 - Level 1.0 Spellcasting
 - Level 2.1 Fire Magic


You had 20 spell levels left.
You didn't know any spells.
Your spell library contained the following spells:

 Spells                   Type           Power      Damage    Failure   Level
 Foxfire                  Conj/Fire      12%        2x1d4     54%         1
 Scorch                   Fire           12%        2d6       54%         2
 Animate Skeleton         Necr           0%         N/A       71%         1
 Apportation              Tloc           0%         N/A       71%         1
 Magic Dart               Conj           0%         1d3       71%         1
 Shock                    Conj/Air       0%         1d3       71%         1
 Summon Small Mammal      Summ           0%         N/A       71%         1
 Blink                    Tloc           0%         N/A       83%         2
 Call Imp                 Summ           0%         N/A       83%         2
 Ensorcelled Hibernation  Hex/Ice        0%         N/A       83%         2
 Sublimation of Blood     Necr           0%         N/A       83%         2
 Wereblood                Tmut           0%         N/A       83%         2
 Conjure Flame            Conj/Fire      3%         6-21      89%         3
 Inner Flame              Hex/Fire       3%         N/A       89%         3
 Call Canine Familiar     Summ           0%         N/A       97%         3
 Dazzling Flash           Conj/Hex       0%         N/A       97%         3
 Gell's Gravitas          Tloc           0%         N/A       97%         3
 Lesser Beckoning         Tloc           0%         N/A       97%         3
 Mephitic Cloud           Conj/Pois/Air  0%         N/A       97%         3
 Portal Projectile        Hex/Tloc       0%         N/A       97%         3
 Swiftness                Air            0%         N/A       97%         3
 Teleport Other           Tloc           0%         N/A       97%         3
 Tukima's Dance           Hex            0%         N/A       97%         3
 Airstrike                Air            0%         N/A       100%        4
 Cause Fear               Hex            0%         N/A       100%        4
 Flame Wave               Conj/Fire      3%         2d4       100%        4
 Iskenderun's Mystic Bla  Conj/Tloc      0%         2d3       100%        4
 Leda's Liquefaction      Hex/Erth       0%         N/A       100%        4
 Petrify                  Tmut/Erth      0%         N/A       100%        4
 Fireball                 Conj/Fire      1%         3d3       100%        5
 Iskenderun's Battlesphe  Conj           0%         2d6       100%        5
 Manifold Assault         Tloc           0%         N/A       100%        5
 Metabolic Englaciation   Hex/Ice        0%         N/A       100%        5
 Conjure Ball Lightning   Conj/Air       0%         3x3d6     100%        6
 Dispersal                Tloc           0%         N/A       100%        6
 Starburst                Conj/Fire      1%         6d3       100%        6
 Statue Form              Tmut/Erth      0%         N/A       100%        6
 Summon Cactus Giant      Summ           0%         N/A       100%        6
 Malign Gateway           Summ/Tloc      0%         N/A       100%        7
 Orb of Destruction       Conj           0%         N/A       100%        7
 Summon Hydra             Summ           0%         N/A       100%        7
 Discord                  Hex            0%         N/A       100%        8
 Disjunction              Tloc           0%         N/A       100%        8
 Summon Horrible Things   Summ           0%         N/A       100%        8

Skill      XL: |  1  2  3  4  5  6  7  8  9 10 11 12 13 14 15 16 17 18 19 |
---------------+----------------------------------------------------------+-----
Long Blades    | 4 5 6 7 8 10 12 14 16 18 19 20 22 23 | 23.3
Armour         | 1 2 3 4 5 6 8 10 11 13 15 18 20 | 20.0
Fighting       | 4 5 6 7 9 10 12 13 14 15 16 19 21 22 | 22.3
Dodging        | 3 5 7 9 10 11 14 15 | 15.6
Spellcasting   | |  1.0
Fire Magic     | |  2.1

Action                   |  1- 3 |  4- 6 |  7- 9 | 10-12 | 13-15 | 16-18 | 19-21 || total
-------------------------+-------+-------+-------+-------+-------+-------+-------++-------
Melee: Falchion          |    84 |   110 |       |    15 |       |       |       ||   209
       Headbutt          |     6 |    31 |    38 |   186 |   105 |   335 |    50 ||   751
       Scimitar          |       |    74 |   243 |   699 |       |       |       ||  1016
       Unarmed           |       |       |    12 |       |       |       |       ||    12
       Great sword       |       |       |       |    89 |   435 |  1832 |   271 ||  2627
Evoke: Wand              |       |     1 |     1 |    13 |       |    12 |       ||    27
  Use: Potion            |     1 |     1 |     6 |     9 |     3 |     3 |     1 ||    24
       Scroll            |       |     4 |     3 |    22 |     2 |    10 |     2 ||    43
 Stab: Distracted        |       |     1 |       |     1 |       |       |       ||     2
       Paralysed         |       |       |       |     3 |       |       |       ||     3
       Petrifying        |       |       |       |       |     1 |       |       ||     1
       Invisible         |       |       |       |       |       |     6 |       ||     6
       Held in net/web   |       |       |       |       |       |       |     1 ||     1
Armor: Robe              |    17 |       |       |       |       |       |       ||    17
       Scale mail        |     5 |    71 |       |    32 |       |       |       ||   108
       Skin              |       |       |    35 |       |       |       |       ||    35
       Chain mail        |       |       |   122 |   129 |       |       |       ||   251
       Plate armour      |       |       |       |   263 |   253 |  1126 |   138 ||  1780
Dodge: Dodged            |    47 |    74 |    86 |   236 |   215 |  1324 |   220 ||  2202
Block: Other             |       |       |       |       |       |   142 |    69 ||   211
       Reflection        |       |       |       |       |       |    19 |     7 ||    26

Inventory:

Hand Weapons
 a - a +2 great sword of flaming (weapon)
Missiles
 F - 6 throwing nets (quivered)
Armour
 g - the +2 pair of gloves of Integrity (worn) {-Cast +Inv rF++} rF: It greatly protects you from fire. +Inv: It lets you turn invisible. -Cast: It prevents spellcasting.
 n - a +2 plate armour of poison resistance
 o - a +2 pair of boots of flying (worn)
 s - a +2 plate armour of fire resistance {rF+}
 B - the +0 mask of the Dragon (worn) {Will+ Slay+3 SInv}

   Slay:      It affects your accuracy & damage with ranged weapons and melee
   (+3).
   SInv:      It lets you see invisible.
   Will:      It increases your willpower.
 E - a scarf of resistance (worn) {rF+ rC+}
 T - a +2 plate armour of positive energy (worn) {rN+}
Jewellery
 c - the ring of the Hare (right hand) {EV+8}

   [ring of evasion]

   EV:        It affects your evasion (+8).
 d - a ring of resist corrosion
 u - a ring of positive energy {rN+}
 C - the ring "Nestrod" {+Blink Fly rC+ Int+3 Dex+2}

   [ring of flight]

   Int:       It affects your intelligence (+3).
   Dex:       It affects your dexterity (+2).
   rC:        It protects you from cold.
   Fly:       It grants you flight.
   +Blink:    It lets you blink.
 J - the ring of Ykodopt (left hand) {rPois Str+6 Int+2}

   [ring of strength]

   Str:       It affects your strength (+6).
   Int:       It affects your intelligence (+2).
   rPois:     It protects you from poison.
 N - an amulet of reflection (around neck)
 S - the ring of the Tortoise {AC+8}

   [ring of protection]

   AC:        It affects your AC (+8).
Wands
 v - a wand of acid (18)
 G - a wand of iceblast (9)
Scrolls
 e - 3 scrolls of enchant armour
 f - 4 scrolls of fog
 k - 2 scrolls of noise
 l - 7 scrolls of immolation
 r - 14 scrolls of identify
 t - 10 scrolls of teleportation
 x - 3 scrolls of holy word
 y - 3 scrolls of magic mapping
 I - a scroll of silence
 K - a scroll of fear
 M - 2 scrolls of brand weapon
 R - a scroll of summoning
Potions
 h - 5 potions of haste
 i - 3 potions of resistance {rF+ rC+}
 j - 4 potions of flight
 m - 5 potions of might
 q - 10 potions of heal wounds
 w - 12 potions of curing
 z - 2 potions of ambrosia
 A - 2 potions of cancellation
 D - 4 potions of attraction
 H - 3 potions of mutation
 O - 2 potions of invisibility
 Q - 4 potions of lignification
Miscellaneous
 b - a piece from Xom's chessboard (15/15)
 p - a condenser vane


You were on level 4 of the Shoals.
You worshipped Ignis.
Ignis was extremely pleased with you.
You visited 5 branches of the dungeon, and saw 31 of its levels.
You also visited: Ossuary, Bailey and Volcano.

You collected 4610 gold pieces.
You spent 4437 gold pieces at shops.

Dungeon Overview and Level Annotations

Branches:
Dungeon (15/15)            Temple (0/1) D:5            Lair (6/6) D:8
 Shoals (4/4) Lair:2        Snake (4/4) Lair:3        Slime (0/5) Lair:6
    Orc (2/2) D:12            Elf (0/3) Orc:2        Vaults (0/5) D:13
 Depths (0/4) D:15        Ossuary (visited)          Bailey (visited)
Volcano (visited)

Altars:
Cheibriados
Elyvilon
Fedhas
Gozag
Kikubaaqudgha
Nemelex Xobeh
Okawaru
Trog
Uskayaw
Wu Jian
Yredelemnul
Zin
The Shining One
Beogh
Lugonu

Shops:
D:10 =   Orc:2 [(!?   Shoals:4 *?((!   Snake:1 [(*=*=   Snake:4 *

Portals:
Trove: D:12 (give +4 demon trident)

Annotations:
D:13 2 transporters

#≈≈≈≈≈≈..∩.∩......≈.......≈≈≈≈
#≈≈≈≈≈≈.........≈.≈........≈≈≈
#≈≈≈≈≈≈......≈.≈≈≈≈........≈≈≈
#≈≈≈≈≈≈≈.....≈.≈≈≈≈.........≈≈
#≈≈≈≈≈≈≈....≈######.........≈≈
#≈≈≈≈≈≈≈≈...#≈≈≈≈≈##..........
#≈≈≈≈≈≈≈≈..#.#§§≈≈≈##........≈
#≈≈≈≈≈≈≈≈.#§#§m§#≈≈≈#.......≈≈
#≈≈≈≈≈≈≈≈≈#§m@H§≈≈≈≈#......≈≈≈
#≈≈≈≈≈≈≈≈≈#Sm§X##≈≈≈#≈≈≈8≈8≈8≈
#≈≈≈≈≈≈≈≈≈#k.#m# #≈≈≈≈⌠)⌠≈≈
#≈≈≈≈≈≈≈≈≈#m§≈≈≈≈ #≈≈≈8≈∩≈8≈
#≈≈≈≈≈≈≈≈≈##≈≈...# ##≈≈≈≈⌠≈⌠≈≈
#≈≈≈≈≈≈≈≈≈≈##≈≈≈≈≈##≈≈≈≈8≈8≈8≈
#≈≈≈≈≈≈≈≈≈≈≈#######≈≈≈≈≈≈≈≈≈≈≈
#≈≈≈≈≈≈≈≈≈≈≈≈≈≈≈≈≈≈≈≈≈≈≈≈≈≈≈≈≈
#≈≈≈≈≈≈≈≈≈≈≈≈≈≈≈≈≈≈≈≈≈≈≈≈≈≈≈≈≈


You could see a kraken (fleeing, ally target), a merfolk avatar (mesmerising), a
merfolk javelineer (fleeing), a merfolk aquamancer (ally target), a water nymph
(ally target), a friendly merfolk avatar (summoned), a friendly sea snake
(summoned), a friendly wind drake (summoned, repels missiles) and a friendly
manticore (summoned).

Notes
Turn   | Place    | Note
-------+----------+-------------------------------------------
     0 | D:1      | theanonym the Minotaur Cinder Acolyte began the quest for
                  | the Orb.
     0 | D:1      | Reached XP level 1. HP: 19/19 MP: 1/1
   304 | D:1      | Reached skill level 4 in Long Blades
   304 | D:1      | Reached XP level 2. HP: 21/27 MP: 2/2
   343 | D:1      | Reached skill level 1 in Armour
   637 | D:1      | Reached skill level 4 in Fighting
   642 | D:1      | HP: 13/27 [frozen (4)]
   866 | D:1      | Reached XP level 3. HP: 26/33 MP: 3/3
  1118 | D:1      | Found a faded altar of an unknown god.
  1388 | D:2      | Noticed Natasha
  1579 | D:2      | Found a blossoming altar of Fedhas.
  1764 | D:2      | Reached skill level 2 in Armour
  1766 | D:2      | Reached XP level 4. HP: 40/40 MP: 4/4
  1830 | D:2      | Reached skill level 5 in Long Blades
  2367 | D:2      | Killed Natasha
  2677 | D:2      | Found a blossoming altar of Fedhas.
  3111 | D:2      | Noticed Natasha
  3117 | D:2      | Killed Natasha
  3159 | D:2      | Noticed Natasha
  3164 | D:2      | Killed Natasha
  3165 | D:2      | Reached XP level 5. HP: 47/47 MP: 5/5
  3830 | D:3      | Noticed a necrophage
  3838 | D:3      | Killed a necrophage
  3839 | D:3      | Reached skill level 5 in Fighting
  3839 | D:3      | Reached skill level 6 in Long Blades
  3839 | D:3      | Reached skill level 3 in Armour
  3940 | D:3      | Reached XP level 6. HP: 56/56 MP: 6/6
  4068 | D:3      | Found a glowing golden altar of the Shining One.
  4295 | D:4      | Found an iron altar of Okawaru.
  4464 | D:4      | HP: 26/56 [iguana (5)]
  5017 | D:4      | Reached skill level 7 in Long Blades
  5031 | D:4      | HP: 28/56 [gnoll (5)]
  5035 | D:4      | Reached skill level 4 in Armour
  5704 | D:4      | Found a snail-covered altar of Cheibriados.
  5756 | D:4      | Noticed Edmund
  5765 | D:4      | Killed Edmund
  5766 | D:4      | Reached XP level 7. HP: 46/62 MP: 7/7
  5948 | D:4      | Noticed Pikel
  5957 | D:4      | HP: 37/93 [Pikel (19)]
  5961 | D:4      | Killed Pikel
  5962 | D:4      | Reached skill level 6 in Fighting
  5962 | D:4      | Reached skill level 8 in Long Blades
  5962 | D:4      | Reached skill level 5 in Armour
  5962 | D:4      | Reached XP level 8. HP: 42/71 MP: 8/8
  6174 | D:4      | Found a glowing silver altar of Zin.
  6409 | D:5      | Entered Level 5 of the Dungeon
  6414 | D:5      | Found a staircase to the Ecumenical Temple.
  6497 | D:5      | Reached skill level 9 in Long Blades
  6541 | D:5      | Reached skill level 7 in Fighting
  6654 | D:5      | Reached skill level 6 in Armour
  6742 | D:5      | Reached skill level 10 in Long Blades
  6889 | D:5      | HP: 36/73 [gnoll (1)]
  7405 | D:5      | Found a transporter.
  7406 | D:5      | Found a transporter.
  7433 | D:5      | Reached XP level 9. HP: 66/81 MP: 9/9
  7696 | D:5      | Reached skill level 8 in Fighting
  7696 | D:5      | Reached skill level 7 in Armour
  7744 | D:5      | HP: 26/81 [gnoll (18)]
  7998 | D:5      | Noticed casual's ghost (amateur GnTm)
  8015 | D:5      | HP: 38/81 [casual's ghost (5)]
  8362 | D:5      | Killed casual's ghost
  8363 | D:5      | Reached skill level 11 in Long Blades
  8561 | D:6      | Found a sparkling altar of Nemelex Xobeh.
  8561 | D:6      | Found an opulent altar of Gozag.
  9023 | D:6      | Reached skill level 12 in Long Blades
  9023 | D:6      | Reached skill level 8 in Armour
  9225 | D:6      | Reached skill level 9 in Fighting
  9567 | D:7      | Paralysed by a hornet for 3 turns
  9570 | D:7      | HP: 40/83 [poisoned by a hornet]
  9574 | D:7      | HP: 16/124 [hornet (9)]
  9579 | D:7      | HP: 30/124 [poisoned by a hornet]
  9584 | D:7      | HP: 23/124 [centaur skeleton (3)]
 10031 | D:7      | Reached XP level 10. HP: 78/91 MP: 10/10
 10040 | D:7      | HP: 38/91 [slime creature (13)]
 10042 | D:7      | HP: 14/91 [slime creature (11)]
 10372 | D:7      | Got the Handbook of Displacement and the Mountains
 10386 | D:7      | Found a white marble altar of Elyvilon.
 10592 | D:7      | Reached skill level 13 in Long Blades
 11192 | D:8      | Found a sand-covered staircase.
 11197 | Ossuary  | Entered an ossuary
 11347 | Ossuary  | Reached skill level 9 in Armour
 11543 | Ossuary  | Noticed Menkaure
 11915 | Ossuary  | HP: 38/93 [??? (28)]
 11918 | Ossuary  | Killed Menkaure
 12449 | D:8      | Reached skill level 10 in Fighting
 12723 | D:8      | Found a transporter.
 12735 | D:8      | Found a transporter.
 13070 | D:8      | HP: 40/93 [wight (7)]
 13076 | D:8      | Reached skill level 14 in Long Blades
 13076 | D:8      | HP: 25/93 [poisoned by a water moccasin]
 13389 | D:8      | Found a staircase to the Lair.
 13557 | D:8      | Found an ornate altar of the Wu Jian Council.
 13639 | D:8      | Found a basalt altar of Yredelemnul.
 13672 | D:8      | Reached skill level 10 in Armour
 13765 | D:8      | Found a hide-covered altar of Uskayaw.
 14148 | D:8      | HP: 41/94 [orc warrior (11)]
 14456 | D:8      | HP: 47/94 [orc warrior (6)]
 14960 | D:9      | Reached XP level 11. HP: 59/101 MP: 11/11
 15451 | D:9      | Reached skill level 11 in Fighting
 15654 | D:9      | Noticed Joseph
 15666 | D:9      | HP: 73/153 [Joseph (17)]
 15671 | D:9      | Killed Joseph
 16334 | D:10     | Entered Level 10 of the Dungeon
 16376 | D:10     | Reached skill level 15 in Long Blades
 16407 | D:10     | Found Rojeurgh's Jewellery Boutique.
 16412 | D:10     | Bought an amulet of guardian spirit for 360 gold pieces
 16442 | D:10     | Found a flagged portal.
 16498 | Bailey   | Entered a bailey
 16500 | Bailey   | Noticed an orc knight
 16570 | Bailey   | Noticed an orc knight
 16970 | D:10     | Noticed a red ugly thing
 16981 | D:10     | Killed a red ugly thing
 17029 | D:10     | HP: 46/101 [slime creature (5)]
 17041 | D:10     | HP: 45/102 [centaur zombie (1)]
 17282 | D:10     | Reached skill level 11 in Armour
 17331 | D:10     | Noticed a two-headed ogre
 17351 | D:10     | HP: 52/104 [wyvern (2)]
 17626 | Lair:1   | Entered Level 1 of the Lair of Beasts
 17678 | Lair:1   | Reached skill level 16 in Long Blades
 17725 | Lair:1   | Noticed a seven-headed hydra
 17751 | Lair:1   | Killed a three-headed hydra
 17759 | Lair:1   | Reached skill level 12 in Fighting
 18105 | Lair:1   | Noticed an eight-headed hydra
 18116 | Lair:1   | Killed a two-headed hydra
 18298 | Lair:1   | Reached XP level 12. HP: 90/113 MP: 9/12
 18855 | Lair:2   | Reached skill level 12 in Armour
 18873 | Lair:2   | Reached skill level 17 in Long Blades
 19123 | Lair:2   | Found a sparkling altar of Nemelex Xobeh.
 19468 | Lair:2   | Found a dark tunnel.
 19473 | Volcano  | Entered a volcano
 19888 | Volcano  | Noticed a red draconian
 19895 | Volcano  | HP: 55/113 [salamander (2)]
 19898 | Volcano  | HP: 23/113 [salamander (10)]
 19963 | Volcano  | HP: 16/113 [salamander (9)]
 19988 | Volcano  | Reached skill level 13 in Fighting
 20285 | Volcano  | HP: 57/115 [salamander mystic (3)]
 20524 | Volcano  | Found a radiant altar of Vehumet.
 20552 | Volcano  | Found a bloodstained altar of Trog.
 20577 | Volcano  | Killed a red draconian
 20808 | Lair:2   | Found a staircase to the Shoals.
 20813 | Lair:2   | Reached skill level 1 in Dodging
 20819 | Lair:2   | HP: 50/115 [merfolk (16)]
 20825 | Lair:2   | HP: 44/115 [merfolk (5)]
 20827 | Lair:2   | Reached skill level 18 in Long Blades
 21119 | Lair:2   | Reached skill level 2 in Dodging
 21290 | Lair:2   | HP: 53/115 [yak[a torpor snail] (9)]
 21735 | Lair:3   | Found a staircase to the Snake Pit.
 21887 | Lair:3   | Noticed a death yak
 21902 | Lair:3   | Killed a death yak
 21903 | Lair:3   | Reached skill level 13 in Armour
 21919 | Lair:3   | Noticed a death yak
 21927 | Lair:3   | Killed a death yak
 21927 | Lair:3   | Noticed a death yak
 21928 | Lair:3   | Reached skill level 3 in Dodging
 21928 | Lair:3   | Noticed a death yak
 21939 | Lair:3   | Killed a death yak
 21947 | Lair:3   | HP: 57/115 [death yak (16)]
 21948 | Lair:3   | Killed a death yak
 21949 | Lair:3   | Reached XP level 13. HP: 61/122 MP: 8/13
 21952 | Lair:3   | HP: 40/122 [blink frog (11)]
 21999 | Lair:3   | HP: 46/122 [blink frog (8)]
 22274 | Lair:3   | You fall into a shaft and drop 3 floors!
 22274 | Lair:6   | Entered Level 6 of the Lair of Beasts
 22853 | Lair:3   | Reached skill level 14 in Fighting
 22853 | Lair:3   | Reached skill level 19 in Long Blades
 22853 | Lair:3   | Reached skill level 5 in Dodging
 22853 | Lair:3   | Reached XP level 14. HP: 132/132 MP: 14/14
 22886 | Lair:3   | Upgraded the game from 0.28-a0-1117-g0bdd5ba030 to
                  | 0.28-a0-1130-gc51a68064b
 23818 | Lair:4   | Reached skill level 14 in Armour
 24048 | Lair:4   | Reached skill level 6 in Dodging
 25403 | Lair:5   | Reached skill level 15 in Fighting
 25414 | Lair:5   | Reached skill level 7 in Dodging
 25557 | Lair:5   | Reached skill level 20 in Long Blades
 25557 | Lair:5   | Reached skill level 15 in Armour
 25557 | Lair:5   | Reached XP level 15. HP: 141/141 MP: 15/15
 26038 | Lair:5   | theanonym: ??ignis
 26038 | Lair:5   | beem: ignis[1/6]: A fire god who's nearly gone out.
                  | Followers start with 150 piety (more with monk bonus) and
                  | no piety decay, but can never gain more. Grants {sea of
                  | fire}, {foxfire swarm}, {rising flame}, and passive rF.
 26038 | Lair:5   | theanonym: ??ignis[2
 26038 | Lair:5   | beem: ignis[2/6]: Sea of Fire: Casts {conjure flame} on
                  | every unoccupied space in sight, filling the area with
                  | flame after everyone (you and monsters) get one more turn.
                  | Try not to block yourself in! Costs about 6-9 piety.
 26038 | Lair:5   | theanonym: ??ignis[3
 26038 | Lair:5   | beem: ignis[3/6]: Foxfire Swarm: Creates {foxfire} in every
                  | unoccupied space in radius of the user. (Best case is
                  | 24x1d6 damage.) Wipes out almost anything early game, but
                  | near-useless against AC. Costs about 9-14 piety.
 26038 | Lair:5   | theanonym: ??ignis[4
 26038 | Lair:5   | beem: ignis[4/6]: Rising Flame: after 2-4 turns, blasts the
                  | player through the ceiling and into the floor above. Very
                  | funny to use in Zot:5. Costs about 24-36 piety.
 26038 | Lair:5   | theanonym: ??ignis[5
 26038 | Lair:5   | beem: ignis[5/6]: Wrath: randomly either 2-3 {fire
                  | elemental}s, {shaft}, or 'fire champion', making the
                  | highest HD enemy in sight cover ground 50% faster & do
                  | AF_FIRE damage. Lasts a shorter time than any other god.
 26038 | Lair:5   | theanonym: ??ignis[6
 26038 | Lair:5   | beem: ignis[6/6]: https://github.com/crawl/crawl/pull/2069
 26064 | Lair:5   | Reached skill level 8 in Dodging
 26426 | Lair:6   | Found a staircase to the Slime Pits.
 26728 | Lair:6   | Reached skill level 16 in Fighting
 27143 | Lair:6   | HP: 68/144 [wind drake/the air (12)]
 27148 | Lair:6   | HP: 64/144 [poisoned by a sea snake]
 27218 | Lair:6   | Reached skill level 9 in Dodging
 27427 | Lair:6   | Noticed Snorg
 27451 | Lair:6   | Killed Snorg
 27452 | Lair:6   | Reached XP level 16. HP: 98/152 MP: 7/16
 27733 | Lair:6   | Reached skill level 16 in Armour
 27870 | Lair:6   | Found a bloodstained altar of Trog.
 28776 | D:10     | Found an ancient bone altar of Kikubaaqudgha.
 28980 | D:10     | Identified the +7 scimitar of Jez Lekhack {vorpal, Drain
                  | Dex+5}
 29129 | D:10     | HP: 64/152 [flayed ghost/flay_damage (19)]
 29895 | D:12     | Found a staircase to the Orcish Mines.
 30065 | D:12     | Reached skill level 10 in Dodging
 30170 | D:12     | Reached skill level 17 in Fighting
 30544 | D:12     | Found a portal to a secret trove of treasure.
 30963 | D:13     | HP: 76/155 [burnt (2)]
 30968 | D:13     | HP: 70/155 [burnt (1)]
 30974 | D:13     | HP: 68/155 [fire elemental[a deep elf pyromancer] (1)]
 30981 | D:13     | HP: 68/155 [deep elf pyromancer (1)]
 30994 | D:13     | Reached skill level 17 in Armour
 30999 | D:13     | HP: 54/155 [something (1)]
 31362 | D:13     | Found a gate to the Vaults.
 31427 | D:13     | Found a transporter.
 31431 | D:13     | Found a corrupted altar of Lugonu.
 31431 | D:13     | Noticed a tentacled starspawn
 31596 | D:13     | Found a transporter.
 32203 | D:14     | Reached skill level 18 in Fighting
 33343 | D:15     | Entered Level 15 of the Dungeon
 33492 | D:15     | Reached skill level 18 in Armour
 34688 | D:15     | HP: 75/159 [red ugly thing collision (12)]
 35300 | D:15     | HP: 34/159 [enormous slime creature (58)]
 35348 | D:15     | HP: 44/159 [slime creature (7)]
 35708 | D:15     | Found a staircase to the Depths.
 35718 | D:15     | Reached skill level 19 in Fighting
 36143 | Orc:1    | Entered Level 1 of the Orcish Mines
 36143 | Orc:1    | Found the ring of the Hare {EV+8}
 36148 | Orc:1    | Found a runed translucent gate.
 36156 | Orc:1    | Noticed sigonnn's ghost (journeyman GrBe)
 36227 | Orc:1    | Found a runed translucent gate.
 36352 | Orc:1    | Found a runed translucent gate.
 36485 | D:12     | Killed sigonnn's ghost
 36486 | D:12     | Reached XP level 17. HP: 149/168 MP: 17/17
 36811 | Orc:2    | Entered Level 2 of the Orcish Mines
 36865 | Orc:2    | Found Imuixeup's Weapon Shop.
 37078 | Orc:1    | Reached skill level 19 in Armour
 37997 | Orc:2    | Found Pusuygim's Magic Scroll Boutique.
 38002 | Orc:2    | Found Xuec's Distillery.
 38015 | Orc:2    | Found Zyebison's Antique Armour Boutique.
 38028 | Orc:2    | Bought a pair of glowing gloves for 300 gold pieces
 38219 | Orc:2    | Found a staircase to the Elven Halls.
 38278 | Orc:2    | Reached skill level 20 in Fighting
 38369 | Orc:2    | HP: 76/170 [orc knight (11)]
 38377 | Orc:2    | HP: 74/170 [orc warrior[an orc warlord] (4)]
 38701 | Orc:2    | Identified the +0 chain mail of Amorality {Int-3 Dex+7}
 39045 | Orc:2    | Identified the ring "Nestrod" {+Blink Fly rC+ Int+3 Dex+2}
 39669 | Orc:2    | Bought a potion of heal wounds for 55 gold pieces
 39669 | Orc:2    | Bought a potion of haste for 110 gold pieces
 39669 | Orc:2    | Bought a potion of might for 44 gold pieces
 39669 | Orc:2    | Bought 2 potions of heal wounds for 110 gold pieces
 39903 | Snake:1  | Entered Level 1 of the Snake Pit
 39972 | Snake:1  | Noticed Roxanne
 39992 | Snake:1  | Killed Roxanne
 40057 | Snake:1  | Reached skill level 20 in Armour
 40268 | Snake:1  | Found Ythodghu's Antique Armour Shoppe.
 40888 | Snake:1  | Found Docued's Weapon Emporium.
 40889 | Snake:1  | Found Qawy's Jewellery Boutique.
 40889 | Snake:1  | Found Otinaitz's General Store.
 40890 | Snake:1  | Found Fuefebich's Jewellery Boutique.
 40890 | Snake:1  | Found Elacyb's General Store.
 40919 | Snake:1  | Bought the ring of Ykodopt {rPois Str+6 Int+2} for 1034
                  | gold pieces
 41410 | Snake:1  | Bought an amulet of reflection for 510 gold pieces
 41429 | Snake:1  | Bought a pair of translucent gloves for 380 gold pieces
 41429 | Snake:1  | Identified the +2 pair of gloves of Integrity {-Cast +Inv
                  | rF++} (You bought it in a shop on level 1 of the Snake Pit)
 41465 | Snake:1  | Bought a scroll of teleportation for 36 gold pieces
 42453 | Snake:2  | Noticed Frances
 42470 | Snake:2  | Killed Frances
 42741 | Snake:2  | Reached skill level 11 in Dodging
 43633 | Snake:3  | HP: 86/172 [salamander (3)]
 43638 | Snake:3  | HP: 68/172 [poisoned by a guardian serpent (bolt of
                  | poison)]
 43643 | Snake:3  | HP: 59/172 [constriction (2)]
 44121 | Snake:3  | Reached skill level 21 in Fighting
 44531 | Snake:3  | Reached XP level 18. HP: 105/182 MP: 18/18
 44822 | Snake:3  | Found a bloodstained altar of Trog.
 44850 | Snake:3  | HP: 81/182 [something (16)]
 44855 | Snake:3  | HP: 48/182 [poisoned by a naga ritualist (toxic radiance)]
 44860 | Snake:3  | HP: 40/182 [poisoned by a naga ritualist (toxic radiance)]
 44865 | Snake:3  | HP: 25/182 [poisoned by a naga ritualist (toxic radiance)]
 44867 | Snake:3  | Reached skill level 21 in Long Blades
 44870 | Snake:3  | HP: 14/182 [poisoned by a naga ritualist (toxic radiance)]
 44875 | Snake:3  | HP: 11/182 [poisoned by a naga ritualist (toxic radiance)]
 45914 | Snake:4  | Entered Level 4 of the Snake Pit
 46180 | Snake:3  | Reached skill level 12 in Dodging
 46224 | Snake:3  | HP: 90/182 [poisoned by a black mamba]
 46229 | Snake:3  | HP: 87/182 [poisoned by a black mamba]
 47211 | Snake:4  | HP: 91/182 [naga sharpshooter/bolt[Vashnia] (8)]
 47216 | Snake:4  | HP: 55/183 [poisoned by a salamander]
 47217 | Snake:4  | HP: 26/183 [poisoned by a salamander]
 47217 | Snake:4  | HP: 11/183 [naga sharpshooter/bolt[Vashnia] (15)]
 47218 | Snake:4  | HP: 5/183 [naga sharpshooter/arrow[Vashnia] (5)]
 47760 | Snake:4  | Found Castie's Assorted Antiques.
 47787 | Snake:4  | Noticed Vashnia
 47875 | Snake:4  | Killed Vashnia
 48490 | Snake:4  | Reached skill level 13 in Dodging
 48570 | Snake:4  | Reached skill level 22 in Fighting
 48900 | Snake:4  | HP: 91/184 [naga sharpshooter/bolt (16)]
 48909 | Snake:4  | HP: 75/184 [naga (3)]
 49287 | Snake:4  | Reached skill level 22 in Long Blades
 49290 | Snake:4  | HP: 92/184 [guardian serpent/bolt of poison (9)]
 49295 | Snake:4  | HP: 56/184 [poisoned by a naga mage (bolt of poison)]
 50238 | Snake:4  | Got a serpentine rune of Zot
 50433 | Shoals:1 | Entered Level 1 of the Shoals
 50451 | Shoals:1 | Reached skill level 14 in Dodging
 50751 | Shoals:1 | Noticed Kirke
 50763 | Shoals:1 | Killed Kirke
 51435 | Shoals:1 | Identified a scroll of acquirement
 51529 | Shoals:1 | Acquired 844 gold pieces
 51554 | Shoals:2 | Reached XP level 19. HP: 187/191 MP: 19/19
 52837 | Shoals:3 | Reached skill level 23 in Long Blades
 52837 | Shoals:3 | Reached skill level 15 in Dodging
 52839 | Shoals:3 | HP: 83/191 [satyr/arrow (24)]
 52844 | Shoals:3 | HP: 60/191 [satyr/arrow (10)]
 54375 | Snake:1  | Bought the +0 mask of the Dragon {Will+ Slay+3 SInv} for
                  | 1336 gold pieces
 54375 | Snake:1  | Found the +0 mask of the Dragon {Will+ Slay+3 SInv}
 54560 | Shoals:4 | Entered Level 4 of the Shoals
 54848 | Shoals:4 | Found Xurenati's Distillery.
 54874 | Shoals:4 | Found Emocushri's Antique Weapon Boutique.
 55140 | Shoals:4 | Identified the +9 mace of Acleujyc {vorpal, rPois}
 55249 | Shoals:4 | Found Jofoh's Magic Scroll Shop.
 55257 | Shoals:4 | Bought a scroll of teleportation for 54 gold pieces
 55257 | Shoals:4 | Bought a scroll of teleportation for 54 gold pieces
 55449 | Shoals:4 | Found Gysiluaw's Weapon Shoppe.
 55605 | Shoals:4 | Found Peepoim's General Store.
 55651 | Shoals:4 | Bought a scroll of teleportation for 54 gold pieces
 55720 | Shoals:4 | HP: 85/193 [tentacle[a kraken] (12)]
 55722 | Shoals:4 | HP: 34/193 [water nymph/the raging water (19)]
 55725 | Shoals:4 | HP: 5/193 [water nymph/the raging water (14)]
 55725 | Shoals:4 | Slain by a merfolk aquamancer

Vanquished Creatures
  Vashnia (Snake:4)
  A kraken (Shoals:4)
  Frances (Snake:2)
  Kirke (Shoals:1)
  7 nagarajas (Snake:4)
  Roxanne (Snake:1)
  A fenstrider witch (Shoals:2)
  3 orc warlords
  The ghost of sigonnn the Warrior, a journeyman GrBe of Trog (D:12)
  A stone giant (Orc:2)
  A dire elephant (Lair:6)
  A red draconian (Volcano)
  Snorg (Lair:6)
  3 merfolk javelineers
  8 merfolk impalers
  A great orb of eyes (D:15)
  6 boulder beetles
  13 naga warriors
  10 hydras
  2 rakshasas (D:15)
  4 catoblepae
  2 salamander tyrants (Snake:3)
  An ice dragon (Lair:4)
  An alligator snapping turtle (Shoals:3)
  15 anacondas
  3 ogre magi
  6 merfolk aquamancers
  14 two-headed ogres
  4 merfolk avatars
  A satyr (Shoals:3)
  7 centaur warriors
  4 death yaks (Lair:3)
  2 tengu warriors
  An orc high priest (Orc:2)
  22 naga sharpshooters
  8 shock serpents
  4 salamander mystics
  A skeletal warrior (D:13)
  2 deep trolls (Orc:2)
  20 sea snakes
  6 naga ritualists
  A flayed ghost (D:10)
  Pikel (D:4)
  5 orc knights
  2 deep elf zephyrmancers
  6 mana vipers
  8 harpies
  4 deep elf pyromancers
  2 fauns (Shoals:2)
  20 salamanders
  2 orc sorcerers
  11 ugly things
  10 manticores
  5 cyclopes
  An elephant (shapeshifter) (D:15)
  A black mamba (shapeshifter) (D:15)
  4 merfolk sirens
  Joseph (D:9)
  12 elephants
  12 naga magi
  A gargoyle (D:12)
  34 black mambas
  6 guardian serpents
  2 water nymphs (Shoals:2)
  2 torpor snails
  5 rime drakes
  14 cane toads
  2 efreet (D:15)
  15 komodo dragons
  5 yaktaurs
  A demonic crawler (Lair:5)
  2 tengu conjurers (D:14)
  27 merfolk
  A meliai (D:14)
  18 trolls
  3 polar bears
  4 hornets
  A wind drake (shapeshifter) (D:9)
  The ghost of casual the Insei, an amateur GnTm (D:5)
  8 wind drakes
  33 blink frogs
  11 slime creatures
  9 snapping turtles
  8 dream sheep
  A harpy skeleton (D:13)
  A centaur simulacrum (D:14)
  2 meliai zombies (D:10)
  5 wyverns
  2 shadows (D:11)
  3 basilisks
  3 hogs (Shoals:1)
  10 water elementals
  2 vampires
  6 fire bats (Volcano)
  A wraith (D:10)
  45 yaks
  A steam dragon (Lair:6)
  47 nagas
  A harpy simulacrum (D:15)
  An acid dragon (D:11)
  7 wargs
  A warg (shapeshifter) (D:8)
  Edmund (D:4)
  Menkaure (Ossuary)
  4 swamp worms (Lair:5)
  20 water moccasins
  A hornet zombie (D:6)
  A sky beast (D:6)
  3 ice beasts
  28 ogres
  51 orc warriors
  2 black bears
  4 necrophages
  A boggart (D:15)
  21 centaurs
  A phantom (D:6)
  4 lemures (D:4)
  2 kobold brigands (D:10)
  6 scorpions
  14 bullfrogs
  5 gnoll sergeants
  A wyvern skeleton (D:7)
  A water moccasin zombie (D:6)
  A troll zombie (Ossuary)
  A hornet simulacrum (D:15)
  A water moccasin skeleton (D:4)
  A vampire bat (D:10)
  6 wights
  14 electric eels
  3 howler monkeys (D:12)
  6 lava snakes (Volcano)
  5 centaur zombies
  3 jellies
  25 orc priests
  A bullfrog skeleton (D:6)
  2 hounds (D:5)
  A human zombie (Ossuary)
  4 centaur skeletons
  2 gnoll shamans
  Natasha (thrice) (D:2)
  An iguana (D:4)
  23 orc wizards
  An ogre zombie (Ossuary)
  2 hound skeletons
  6 mummies (Ossuary)
  A howler monkey zombie (D:9)
  25 gnolls
  8 adders
  3 white imps
  An ufetubus (D:6)
  3 adder zombies (Ossuary)
  A worm (D:2)
  4 dart slugs
  132 orcs
  5 ball pythons
  5 bats
  3 bat skeletons (D:10)
  4 bat zombies (D:10)
  9 endoplasms
  5 giant cockroaches
  A gnoll zombie (Ossuary)
  11 goblins
  8 hobgoblins
  8 jackals
  5 quokkas
  5 goblin zombies (Ossuary)
  3 hobgoblin zombies (Ossuary)
  11 kobolds
  A kobold zombie (Ossuary)
  6 quokka zombies (Ossuary)
  2 rats (D:1)
  5 rat zombies (Ossuary)
  5 tentacles (Shoals:4)
1216 creatures vanquished.

Vanquished Creatures (collateral kills)
  A salamander (Volcano)
  A queen bee (Volcano)
  A kobold (D:10)
3 creatures vanquished.

Vanquished Creatures (others)
  A deep elf archer (D:13)
  A black mamba (Snake:4)
  A human (Shoals:1)
  An orc wizard (D:13)
  85 fungi
  166 plants
  6 tentacles (Shoals:4)
261 creatures vanquished.

Grand Total: 1480 creatures vanquished

Table legend: (Time is in decaauts)
 A = Elapsed time spent in this place.
 B = Non-inter-level travel time spent in this place.
 C = Inter-level travel time spent in this place.
 D = Time resting spent in this place.
 E = Time spent auto-exploring this place.
 F = Levels seen in this place.
 G = Mean time per level.
                   A        B        C        D        E       F      G
               +--------+--------+--------+--------+--------+-----+--------+
         Total |  54977 |  51198 |   3779 |  18609 |  25196 |  34 | 1617.0 |
       Dungeon |  24171 |  22251 |   1920 |   7863 |  11421 |  15 | 1611.4 |
          Lair |  10364 |   9396 |    968 |   2860 |   5268 |   6 | 1727.3 |
        Shoals |   4937 |   4735 |    202 |   1252 |   2898 |   4 | 1234.2 |
     Snake Pit |  10027 |   9619 |    408 |   4735 |   3638 |   4 | 2506.8 |
  Orcish Mines |   3074 |   2796 |    278 |    792 |   1226 |   2 | 1537.0 |
       Ossuary |   1187 |   1187 |      0 |    432 |    460 |   1 | 1187.0 |
        Bailey |     67 |     67 |      0 |     40 |      0 |   1 |   67.0 |
       Volcano |   1146 |   1146 |      0 |    633 |    284 |   1 | 1146.0 |
               +--------+--------+--------+--------+--------+-----+--------+

Top non-repeatable levels by time:
 Snake:4: 3458 daAuts
 Snake:3: 2722 daAuts
     D:8: 2374 daAuts
     D:4: 2256 daAuts
     D:7: 2109 daAuts
    D:14: 2099 daAuts
 Snake:1: 2061 daAuts
     D:2: 2028 daAuts
  Lair:2: 1914 daAuts
  Lair:6: 1898 daAuts
  Lair:5: 1897 daAuts
    D:10: 1889 daAuts
     D:5: 1849 daAuts
  Lair:3: 1813 daAuts
 Snake:2: 1784 daAuts
